 Dungeon Crawl Stone Soup version 0.28.0 (webtiles) character file.

Game seed: 3151540146937736139

126 mitchisshort the Slasher (level 5, -1/46 HPs)
             Began as a Hill Orc Monk on Feb 11, 2022.
             Slain by an orc (6 damage)
             ... on level 3 of the Dungeon on Feb 15, 2022.
             The game lasted 00:15:04 (2747 turns).

mitchisshort the Slasher (Hill Orc Monk)            Turns: 2747, Time: 00:15:05

Health: -1/46      AC:  8    Str: 16    XL:     5   Next: 9%
Magic:  5/5        EV: 14    Int: 10    God:
Gold:   49         SH:  0    Dex: 13    Spells: 4/4 levels left

rFire   . . .      SeeInvis .   s - +1 spear (vamp)
rCold   . . .      Faith    .   (no shield)
rNeg    . . .      Spirit   .   w - +0 scale mail
rPois   .          Reflect  .   (no helmet)
rElec   .          Harm     .   u - +1 cloak
rCorr   .          Rampage  .   (no gloves)
Will    .....                   (no boots)
Stlth   ..........              (no amulet)
HPRegen 0.15/turn               e - +4 ring of evasion
MPRegen 0.09/turn               (no ring)

@: weak-willed
A: no striking features
a: no special abilities


You were on level 3 of the Dungeon.
You visited 1 branch of the dungeon, and saw 4 of its levels.

You collected 49 gold pieces.

Inventory:

Hand Weapons
 a - a +0 falchion
 i - a +0 whip
 m - a +0 dagger
 p - a +0 mace
 s - a +1 vampiric spear (weapon)
 v - a +0 flail
Missiles
 c - 113 stones (quivered)
 d - 5 poisoned darts
 f - a throwing net
Armour
 b - a +0 robe
 j - a +2 leather armour of cold resistance
 t - a +0 barding
 u - a +1 cloak (worn)
 w - a +0 scale mail (worn)
Jewellery
 e - a +4 ring of evasion (left hand)
Scrolls
 h - 7 scrolls of identify
 k - a scroll of summoning {unknown}
 r - a scroll of fog
 x - a scroll of blinking {unknown}
Potions
 l - a potion of curing {unknown}
 n - a potion of mutation {unknown}
 o - a potion of might {unknown}
 q - a potion of brilliance {unknown}


   Skills:
 + Level 4.2 Fighting
 + Level 4.4 Long Blades
 + Level 0.6 Polearms
 + Level 1.7 Armour
 + Level 3.1 Dodging
 + Level 1.8 Stealth


You had 4 spell levels left.
You didn't know any spells.
Your spell library was empty.

Dungeon Overview and Level Annotations

Branches:
Dungeon (4/15)
 Temple: D:4-7

Altars:
Ashenzari
Dithmenos
Elyvilon
Nemelex Xobeh
Ru
Wu Jian

Shops:
D:1 *[


Message History

There is a stone staircase leading down here.
You hit the gnoll but do no damage. The gnoll completely misses you.
The gnoll shaman misses you.
The orc hits you with a +2 hand axe of flaming.
The orc burns you.
You barely miss the gnoll. The gnoll hits you with a +0 whip.
The gnoll shaman barely misses you. The orc barely misses you.
You hit the gnoll.
You feel better.
The gnoll is lightly wounded.
The gnoll closely misses you. The gnoll shaman misses you.
The orc closely misses you. The gnoll misses you.
You hit the gnoll.
You feel better.
The gnoll is moderately wounded.
The gnoll shaman hits you with a +0 whip!
The orc barely misses you. The gnoll misses you.
The gnoll shaman barely misses you.
You hit the gnoll.
The gnoll is moderately wounded.
The orc closely misses you. The gnoll closely misses you.
The gnoll shaman hits you with a +0 whip.
* * * LOW HITPOINT WARNING * * *
As you read the scroll labelled GUTHRY QICROU, it crumbles to dust.
Magic quickly surges around you.
It was a scroll of vulnerability.
The orc barely misses you. The gnoll closely misses you.
The gnoll shaman closely misses you.
As you read the scroll labelled OBE ISHICANU, it crumbles to dust.
It is a scroll of identify.
r - 2 scrolls of fog The orc hits you with a +2 hand axe of flaming.
* * * LOW HITPOINT WARNING * * *
The orc burns you.
* * * LOW HITPOINT WARNING * * *
The gnoll hits you with a +0 whip.
* * * LOW HITPOINT WARNING * * *
The gnoll shaman calls upon its god to heal the gnoll.
The gnoll's wounds heal themselves!
As you read the scroll of fog, it crumbles to dust.
The scroll dissolves into smoke.
The orc hits you with a +2 hand axe of flaming.
You die...

.##..############
..##............#
...############.#
#...## #.# ##...######
#.# ##.......# #.#
#8_.....# #§#
##.......#####o##
##...####.##..§g@#
#...## #.##.##g## ...##
#.##.#### ..## #.##.#
.## #.##.## ##
#.#.#.###### ###
#..###.....# ..#
###.#.####.############
#.# ##.##
#.......†....#


You could see a gnoll shaman (weak-willed), a gnoll (weak-willed) and an orc
(weak-willed).

Vanquished Creatures
  Terence (D:3)
  4 gnolls (D:3)
  2 adders
  A dart slug (D:3)
  An orc (D:3)
  4 ball pythons
  11 bats
  6 endoplasms
  A giant cockroach (D:3)
  A goblin (D:2)
  2 jackals (D:3)
  2 kobolds
  2 quokkas (D:3)
  4 frilled lizards
  2 rats
44 creatures vanquished.

Notes
Turn   | Place    | Note
-------+----------+-------------------------------------------
     0 | D:1      | mitchisshort the Hill Orc Monk began the quest for the Orb.
     0 | D:1      | Reached XP level 1. HP: 19/19 MP: 1/1
    43 | D:1      | Found Ymnicuyfy's Assorted Antiques.
   279 | D:1      | Found Kolaewn's Armour Shop.
   403 | D:1      | Reached XP level 2. HP: 24/27 MP: 2/2
  1282 | D:2      | Reached XP level 3. HP: 33/33 MP: 3/3
  1483 | D:3      | Found a faded altar of an unknown god.
  1689 | D:3      | Reached skill level 1 in Armour
  1759 | D:3      | Reached XP level 4. HP: 38/40 MP: 4/4
  2305 | D:3      | Noticed Terence
  2320 | D:3      | Killed Terence
  2321 | D:3      | Reached XP level 5. HP: 40/46 MP: 5/5
  2729 | D:4      | Found a white marble altar of Elyvilon.
  2729 | D:4      | Found a sacrificial altar of Ru.
  2729 | D:4      | Found a shadowy altar of Dithmenos.
  2729 | D:4      | Found an ornate altar of the Wu Jian Council.
  2729 | D:4      | Found a sparkling altar of Nemelex Xobeh.
  2729 | D:4      | Found a broken altar of Ashenzari.
  2747 | D:3      | Slain by an orc

Illustrated notes

Levels and vault maps discovered:
D:1:      minmay_arrival_arboretum_small, layout_rooms, serial_shops,
          nicolae_lakefront_shop, nicolae_shop_hallway_plus,
          minmay_crystal_room, minmay_misc_feat_pillars
D:2:      layout_loops_cross, hex_large
D:3:      layout_loops_ring, hellmonk_ecumenical_altar_crossroads, uniq_terence
D:4:      layout_loops_ring, mainiacjoe_overflow_cross_hatched,
          grunt_temple_overflow_open, uniq_sigmund

Skill      XL: |  1  2  3 |
---------------+----------+-----
Fighting       | 4 |  4.2
Armour         | 1 |  1.7
Long Blades    | 4 |  4.4
Dodging        | 3 |  3.1
Polearms       | |  0.6
Stealth        | |  1.8

Action                   |  1- 3 |  4- 6 || total
-------------------------+-------+-------++-------
Melee: Falchion          |    82 |    22 ||   104
       Spear             |       |    54 ||    54
       Punch             |       |     1 ||     1
  Use: Scroll            |       |     4 ||     4
 Stab: Sleeping          |     1 |       ||     1
Armor: Robe              |    13 |       ||    13
       Leather armour    |    26 |    10 ||    36
       Scale mail        |       |     8 ||     8
Dodge: Dodged            |   156 |   104 ||   260
